 Dungeon Crawl Stone Soup version 0.24.0-13-gcf9b3192b9 (webtiles) character file.

Game seed: 13727607640294534655, levelgen mode: deterministic

52794 mora the Warrior (level 14, -2/136 HPs)
             Began as a Ghoul Gladiator on Nov 6, 2019.
             Was a Believer of Uskayaw.
             Slain by a seven-headed hydra (13 damage)
             ... on level 6 of the Lair of Beasts on Nov 7, 2019.
             The game lasted 00:48:53 (19041 turns).

mora the Warrior (Ghoul Gladiator)                 Turns: 19041, Time: 00:48:53

Health: -2/136     AC:  3    Str: 22    XL:     14   Next: 65%
Magic:  18/18      EV: 22    Int:  3    God:    Uskayaw [**....]
Gold:   747        SH: 10    Dex: 14    Spells: 13/13 levels left

rFire    + . .     SeeInvis +     - Unarmed
rCold    + + +     Gourm    .   w - +0 shield "Tauluwk" {rPois rN++ rCorr Stlth-}
rNeg     + + +     Faith    .   J - +1 leather armour "Rosanta" {*Corrode rC++ Slay+2}
rPois    ∞         Spirit   .   g - +0 mask of the Dragon {MR+ Slay+3 SInv}
rElec    .         Reflect  .   (no cloak)
rCorr    +         Harm     .   j - +1 pair of gloves {Str+3}
MR       ++...                  n - +0 pair of boots
Stlth    ..........             l - amulet of regeneration
HPRegen  0.00/turn              o - +5 ring of evasion
MPRegen  0.16/turn              H - ring of protection from fire

@: corroded, rotting
A: rotting body, claws 1, carnivore, cold resistance 1, negative energy
resistance 3, inhibited regeneration, torment resistance, unbreathing
a: Stomp, Line Pass, Renounce Religion


You were on level 6 of the Lair of Beasts.
You worshipped Uskayaw.
Uskayaw was noncommittal.
You were not hungry.

You visited 3 branches of the dungeon, and saw 17 of its levels.
You also visited: Sewer.

You collected 1203 gold pieces.
You spent 456 gold pieces at shops.

Inventory:

Hand Weapons
 x - the +5 quick blade of the Orb {freeze, Fragile rF+ rC+ Str+4, unknown}
   (You found it on level 8 of the Dungeon)

   It has been specially enchanted to freeze those struck by it, causing extra
   injury to most foes and up to half again as much damage against particularly
   susceptible opponents.
   It can also slow down cold-blooded creatures.
   It affects your strength (+4).
   It protects you from fire.
   It protects you from cold.
   It will be destroyed if unequipped.
Missiles
 c - 3 throwing nets (quivered)
Armour
 g - the +0 mask of the Dragon (worn) {MR+ Slay+3 SInv}
   (You found it on level 4 of the Dungeon)

   It affects your accuracy and damage with ranged weapons and melee attacks
   (+3).
   It affects your resistance to hostile enchantments.
   It lets you see invisible.
 j - a +1 pair of gloves of strength (worn)
 n - a +0 pair of boots (worn)
 w - the +0 shield "Tauluwk" (worn) {rPois rN++ rCorr Stlth-}
   (You found it on level 8 of the Dungeon)

   It protects you from poison.
   It greatly protects you from negative energy.
   It provides partial protection from all sources of acid and corrosion.
   It makes you less stealthy.
 y - the +1 ring mail of Zoeci {Regen+}
   (You bought it in a shop on level 10 of the Dungeon)

   It increases your rate of regeneration.
 J - the +1 leather armour "Rosanta" (worn) {*Corrode rC++ Slay+2}
   (You found it on level 3 of the Lair of Beasts)

   It affects your accuracy and damage with ranged weapons and melee attacks
   (+2).
   It greatly protects you from cold.
   It may corrode you when you take damage.
Jewellery
 l - an amulet of regeneration (around neck)
 o - a +5 ring of evasion (left hand)
 p - a +3 ring of intelligence
 z - an uncursed ring of see invisible
 H - a ring of protection from fire (right hand)
Wands
 D - a wand of disintegration (17)
 E - a wand of enslavement (8)
 G - a wand of digging (7)
 R - a wand of random effects (43)
Scrolls
 h - 3 scrolls of amnesia
 t - 2 scrolls of teleportation
 u - 5 scrolls of remove curse
Potions
 d - 6 potions of flight
 f - a potion of cancellation
 m - 4 potions of might
 r - a potion of resistance
 s - a potion of ambrosia
 v - 3 potions of curing {unknown}
 A - a potion of berserk rage {unknown}
 C - a potion of brilliance
 F - 2 potions of magic {unknown}
Comestibles
 a - 21 chunks of flesh
 e - 22 rations


   Skills:
 * Level 15.7 Fighting
 - Level 1.7 Throwing
 + Level 11.7 Dodging
 + Level 4.5 Shields
 + Level 13.6 Unarmed Combat
 + Level 7.0 Invocations
 - Level 6.0 Evocations


You had 13 spell levels left.
You didn't know any spells.
Your spell library contained the following spells:

 Spells                   Type           Power        Failure   Level  Hunger
 Sandblast                Erth           #.....       95%         1    ##.....
 Passwall                 Tmut/Erth      #.......     99%         2    ###....
 Slow                     Hex            #.......     99%         2    ###....
 Sticks to Snakes         Tmut           #.......     99%         2    ###....
 Call Canine Familiar     Summ           #.......     100%        3    ####...
 Conjure Flame            Conj/Fire      #.......     100%        3    ####...
 Lesser Beckoning         Tloc           #.........   100%        3    ####...
 Static Discharge         Conj/Air       #.......     100%        3    ####...
 Stone Arrow              Conj/Erth      #.....       100%        3    ####...
 Force Lance              Conj/Tloc      #.......     100%        4    #####..
 Fulminant Prism          Conj/Hex       #.........   100%        4    #####..
 Petrify                  Tmut/Erth      #.......     100%        4    #####..
 Summon Lightning Spire   Summ/Air       #.......     100%        4    #####..
 Lee's Rapid Deconstruct  Erth           #.........   100%        5    ######.
 Silence                  Hex/Air        #.........   100%        5    ######.
 Bolt of Fire             Conj/Fire      #.........   100%        6    #######
 Conjure Ball Lightning   Conj/Air       #.........   100%        6    #######
 Deflect Missiles         Chrm/Air       #.........   100%        6    #######
 Orb of Destruction       Conj           #.........   100%        7    #######
 Tornado                  Air            #.........   100%        9    #######
 Beastly Appendage        Tmut           Unusable     N/A         1    N/A
 Spider Form              Tmut/Pois      Unusable     N/A         3    N/A
 Ice Form                 Ice/Tmut       Unusable     N/A         4    N/A
 Blade Hands              Tmut           Unusable     N/A         5    N/A

Dungeon Overview and Level Annotations

Branches:
Dungeon (10/15)            Temple (1/1) D:7            Lair (6/6) D:10
 Shoals (0/4) Lair:4        Snake (0/4) Lair:4        Slime (0/5) Lair:6
  Sewer (visited)
    Orc: D:9-12

Altars:
Ashenzari
Cheibriados
Dithmenos
Elyvilon
Fedhas
Gozag
Hepliaklqana
Kikubaaqudgha
Makhleb
Nemelex Xobeh
Okawaru
Qazlal
Ru
Sif Muna
Trog
Uskayaw
Vehumet
Wu Jian
Xom
Yredelemnul
Zin
The Shining One
Jiyva

Shops:
D:8 (   D:10 }*[![

Annotations:
D:2 1 runed translucent door, Crazy Yiuf
D:7 2 transporters, Acheron's ghost, amateur MiBe
Lair:3 1 runed translucent door, Yjeari's ghost, journeyman GrMo


Innate Abilities, Weirdness & Mutations

Your body is rotting away.
You thrive on raw meat.
You are immune to poison.
You have sharp fingernails.
You are carnivorous and can eat meat at any time.
Your flesh is cold resistant. (rC+)
You are immune to negative energy. (rN+++)
You do not regenerate when monsters are visible.
You are immune to unholy pain and torment.
You can survive without breathing.


Message History

You pummel the seven-headed hydra!!
The seven-headed hydra is severely wounded.
The seven-headed hydra completely misses you.
You block the seven-headed hydra's attack.
The seven-headed hydra bites you. The seven-headed hydra misses you.
The seven-headed hydra bites you. The seven-headed hydra bites you! x2
* * * LOW HITPOINT WARNING * * *
You are too injured to fight recklessly!
Evoke which item? (* to show all) (? for menu, Esc to quit)
Aiming: Disintegrate
Press: ? - help, Shift-Dir - straight line, f/p - seven-headed hydra
Aim: a seven-headed hydra (severely wounded, chance to defeat MR: 55%)
The seven-headed hydra resists with significant effort.
The seven-headed hydra bites you!
* * * LOW HITPOINT WARNING * * *
The seven-headed hydra completely misses you. x2
The seven-headed hydra bites you!
* * * LOW HITPOINT WARNING * * *
The seven-headed hydra misses you. The seven-headed hydra bites you!
You die...

*** ###### *** *,** ##....#*#
,,***,,** ##.....#.## ***
,,,,*,,,* #.........#** **,*
,,,*,*,,* #.#.......#,** **,,,
,,,****,* *#..D......,,***,,,,
,,** *,** #.@#*,,,,,,,,**,,** ,,*
#..* ###.##*,*,,,,,,**,,* ,,*
#..####P...#***..,,,,*,,** ,,**
##...#....###*...,,,,,,,,** ,,,*
*...........#....,,,,,,,*,*
,,,*#####............PP,,,**,,,,,
,,,*#................#P,,,*,,,,,,
,,,,...............###,,,,,**,,,,
,,,,,...............#,,,,*,,*,,,,


You could see a seven-headed hydra.

Vanquished Creatures
  Harold (D:7)
  5 hydras
  3 two-headed ogres
  12 death yaks
  Pikel (D:6)
  A lindwurm (Lair:4)
  A manticore (D:9)
  A black mamba (Lair:4)
  A guardian serpent (Lair:4)
  13 spiny frogs
  Joseph (D:7)
  3 rime drakes
  6 komodo dragons
  A kobold demonologist (D:9)
  2 trolls
  3 polar bears
  A hornet (D:8)
  Prince Ribbit (D:6)
  A snapping turtle (Lair:4)
  11 hippogriffs
  22 blink frogs
  Sigmund (D:5)
  54 yaks
  4 wyverns
  A basilisk (Lair:2)
  Eustachio (D:5)
  Menkaure (D:5)
  2 steam dragons
  A warg (Lair:6)
  3 hell hounds
  An acid dragon (D:8)
  17 water moccasins
  A swamp drake (Lair:6)
  7 orc warriors
  11 porcupines
  2 sky beasts (D:9)
  Duvessa (D:4)
  2 black bears
  9 ice beasts
  A slave (D:7)
  2 phantoms (D:5)
  6 ogres
  An eye of draining (D:10)
  3 centaurs
  21 crocodiles
  21 wolves
  2 big kobolds
  A wyvern zombie (D:10)
  12 bullfrogs
  Dowan (D:4)
  5 scorpions
  14 killer bees
  13 wights
  An electric eel (Lair:6)
  2 howler monkeys
  4 crimson imps
  8 orc priests
  7 hounds
  4 centaur skeletons
  A jelly (D:10)
  14 orc wizards
  A bullfrog skeleton (D:4)
  3 iguanas
  Ijyb (D:5)
  9 worker ants
  A killer bee zombie (D:10)
  3 hound skeletons
  A howler monkey zombie (D:8)
  A worker ant zombie (D:5)
  10 adders
  10 gnolls
  2 river rats (D:3)
  2 shadow imps
  An ooze (D:3)
  2 adder skeletons
  2 adder zombies (D:9)
  2 worms
  A dart slug (D:1)
  An adder simulacrum (D:8)
  7 leopard geckos
  43 orcs
  4 ball pythons
  3 bats
  16 giant cockroaches
  5 goblins
  5 hobgoblins
  14 jackals
  7 kobolds
  8 quokkas
  6 frilled lizards
  A leopard gecko zombie (D:6)
  7 rats
533 creatures vanquished.

Vanquished Creatures (others)
  3 slaves (D:7)
  A bullfrog (Lair:3)
  An orc priest (D:7)
  A quokka zombie (D:7)
  19 fungi
  17 plants
42 creatures vanquished.

Grand Total: 575 creatures vanquished

Notes
Turn   | Place    | Note
-------+----------+-------------------------------------------
     0 | D:1      | mora the Ghoul Gladiator began the quest for the Orb.
     0 | D:1      | Reached XP level 1. HP: 17/17 MP: 0/0
   149 | D:1      | Reached XP level 2. HP: 24/24 MP: 1/1
   679 | D:2      | Reached XP level 3. HP: 29/29 MP: 2/2
   684 | D:2      | Found a glowing golden altar of the Shining One.
  1128 | D:2      | Found a runed translucent door.
  1129 | D:2      | Noticed Crazy Yiuf
  1512 | D:3      | Reached skill level 1 in Shields
  1512 | D:3      | Reached XP level 4. HP: 20/36 MP: 3/3
  1961 | D:3      | Reached XP level 5. HP: 33/41 MP: 4/4
  1989 | D:3      | Found a glowing drain.
  1999 | Sewer    | Entered a sewer
  2212 | Sewer    | Reached skill level 5 in Unarmed Combat
  2278 | Sewer    | Identified the Disquisition on the Enchanting Escort
  2938 | D:4      | Reached XP level 6. HP: 47/47 MP: 5/5
  3272 | D:4      | Found a shadowy altar of Dithmenos.
  3306 | D:4      | Reached skill level 3 in Fighting
  3306 | D:4      | Reached XP level 7. HP: 40/57 MP: 6/6
  3474 | D:4      | Identified a scroll of acquirement
  3657 | D:4      | Reached skill level 5 in Dodging
  3887 | D:4      | Found the +0 mask of the Dragon {MR+ Slay+3 SInv}
  4129 | D:4      | Found an iron altar of Okawaru.
  4253 | D:5      | Entered Level 5 of the Dungeon
  4254 | D:5      | Noticed Duvessa
  4254 | D:5      | Noticed Dowan
  4296 | D:4      | Killed Duvessa
  4296 | D:4      | Reached skill level 4 in Fighting
  4296 | D:4      | Reached XP level 8. HP: 40/66 MP: 7/7
  4309 | D:4      | Killed Dowan
  4495 | D:5      | Found a shimmering blue altar of Sif Muna.
  4563 | D:5      | Noticed Menkaure
  4575 | D:5      | Killed Menkaure
  4575 | D:5      | Reached skill level 5 in Fighting
  4611 | D:5      | Noticed Sigmund
  4623 | D:5      | Killed Sigmund
  4750 | D:5      | Noticed Ijyb
  4758 | D:5      | Killed Ijyb
  4773 | D:5      | Found a shattered altar of Ashenzari.
  4798 | D:5      | Reached XP level 9. HP: 64/75 MP: 8/8
  5001 | D:5      | Reached skill level 6 in Fighting
  5001 | D:5      | Reached skill level 1 in Evocations
  5498 | D:6      | Noticed Eustachio
  6128 | D:5      | Killed Eustachio
  6877 | D:7      | Found a shadowy altar of Dithmenos.
  6916 | D:7      | Noticed Pikel
  6951 | D:6      | Killed Pikel
  6951 | D:6      | Reached skill level 7 in Fighting
  6971 | D:7      | Noticed Joseph
  6973 | D:7      | Noticed Harold
  7128 | D:7      | Found a staircase to the Ecumenical Temple.
  7160 | D:7      | Noticed Prince Ribbit
  7168 | D:6      | Reached XP level 10. HP: 82/86 MP: 11/11
  7183 | D:6      | Killed Prince Ribbit
  7325 | D:7      | Found an iron altar of Okawaru.
  7368 | D:7      | Found a transporter.
  7368 | D:7      | Noticed Acheron's ghost (amateur MiBe)
  7379 | D:7      | Killed Joseph
  7499 | D:7      | Found a transporter.
  7586 | Temple   | Entered the Ecumenical Temple
  7733 | Temple   | Became a worshipper of Uskayaw the Reveler
  7771 | D:7      | Reached * piety under Uskayaw
  7877 | D:7      | Reached ** piety under Uskayaw
  7883 | D:7      | Killed Harold
  7883 | D:7      | Reached skill level 8 in Fighting
  8344 | D:8      | Found an ancient bone altar of Kikubaaqudgha.
  8372 | D:8      | Reached *** piety under Uskayaw
  8424 | D:8      | Noticed a two-headed ogre
  8441 | D:8      | Killed a two-headed ogre
  8445 | D:8      | Reached **** piety under Uskayaw
  8455 | D:8      | Reached ***** piety under Uskayaw
  8458 | D:8      | Reached skill level 10 in Unarmed Combat
  8470 | D:8      | Reached ****** piety under Uskayaw
  8473 | D:8      | Reached skill level 9 in Fighting
  8576 | D:8      | Got a bloodstained shield
  8577 | D:8      | Identified the cursed +0 shield "Tauluwk" {rPois rN++ rCorr
                  | Stlth-} (You found it on level 8 of the Dungeon)
  8585 | D:8      | Identified the Collected Works on Excruciating Shape
                  | Shifting
  8588 | D:8      | Got a faintly glowing quick blade
  8633 | D:8      | Found Affuawaz's Antique Weapon Emporium.
  8684 | D:8      | Reached skill level 1 in Invocations
  8684 | D:8      | Reached XP level 11. HP: 74/97 MP: 13/13
  8892 | D:8      | Found a sacrificial altar of Ru.
  9152 | D:8      | Noticed a two-headed ogre
  9161 | D:8      | Killed a two-headed ogre
  9573 | D:9      | Identified the Papyrus of Dislocation and Confrontation
  9666 | D:9      | Noticed a sun demon
  9668 | D:9      | Found a radiant altar of Vehumet.
  9827 | D:8      | Reached skill level 10 in Fighting
 10222 | D:9      | Found a glowing silver altar of Zin.
 10223 | D:9      | Found a stormy altar of Qazlal.
 10581 | D:9      | Noticed a manticore
 10592 | D:9      | Killed a manticore
 10592 | D:9      | Reached skill level 5 in Evocations
 10980 | D:10     | Entered Level 10 of the Dungeon
 10980 | D:10     | Found Beba's Distillery.
 10988 | D:10     | Found Yxe Ajah's Armour Shoppe.
 10997 | D:10     | Found Ciac's Armour Emporium.
 11031 | D:10     | Bought a potion of brilliance for 56 gold pieces
 11031 | D:10     | Bought a potion of invisibility for 112 gold pieces
 11088 | D:10     | Noticed a two-headed ogre
 11101 | D:10     | Killed a two-headed ogre
 11111 | D:10     | Bought the cursed +1 ring mail of Zoeci {Regen+} for 208
                  | gold pieces
 11275 | D:10     | Found Zaniysem's Assorted Antiques.
 11284 | D:10     | Found Cinnui's Gadget Shoppe.
 11294 | D:10     | Bought a scroll labeled TOYNIM YLALUAM for 20 gold pieces
 11294 | D:10     | Bought a scroll labeled ITSAUV YLOWKOA for 20 gold pieces
 11294 | D:10     | Bought a scroll of identify for 40 gold pieces
 11427 | D:10     | Reached skill level 11 in Fighting
 11427 | D:10     | Reached XP level 12. HP: 104/110 MP: 15/15
 11495 | D:10     | Found a staircase to the Lair.
 11727 | Lair:1   | Entered Level 1 of the Lair of Beasts
 11727 | Lair:1   | Noticed a six-headed hydra
 11738 | D:10     | Killed a six-headed hydra
 12024 | Lair:1   | Noticed a death yak
 12024 | Lair:1   | Noticed a death yak
 12025 | Lair:1   | Noticed a death yak
 12041 | Lair:1   | Killed a death yak
 12041 | Lair:1   | Reached skill level 5 in Invocations
 12043 | Lair:1   | Killed a death yak
 12047 | Lair:1   | Killed a death yak
 12485 | Lair:2   | Reached skill level 12 in Fighting
 12600 | Lair:2   | Reached skill level 10 in Dodging
 13102 | Lair:3   | Reached XP level 13. HP: 119/119 MP: 16/16
 13105 | Lair:3   | Reached skill level 13 in Fighting
 13515 | Lair:3   | Found a runed translucent door.
 13516 | Lair:3   | Found a shimmering altar of Xom.
 13516 | Lair:3   | Noticed Yjeari's ghost (journeyman GrMo)
 13516 | Lair:3   | Identified the cursed +2 great sword "Hurep" {chaos, rElec}
 13601 | Lair:3   | Got an ichor-stained leather armour
 13602 | Lair:3   | Identified the +1 leather armour "Rosanta" {*Corrode rC++
                  | Slay+2} (You found it on level 3 of the Lair of Beasts)
 13911 | Lair:4   | Found a staircase to the Shoals.
 13974 | Lair:4   | HP: 4/122 [death yak (17)]
 15397 | Lair:4   | Found a staircase to the Snake Pit.
 15417 | Lair:4   | Reached skill level 14 in Fighting
 17242 | Lair:5   | Reached XP level 14. HP: 108/133 MP: 17/17
 17761 | Lair:5   | Reached skill level 15 in Fighting
 17945 | Lair:6   | Entered Level 6 of the Lair of Beasts
 18454 | Lair:6   | Found a viscous altar of Jiyva.
 18454 | Lair:6   | Found a staircase to the Slime Pits.
 19041 | Lair:6   | Slain by a seven-headed hydra

Levels and vault maps discovered:
D:1:      elethiomel_arrival_shortcut, layout_loops_ring
D:2:      layout_basic, nicolae_overflow_crystal_walls, first_ration,
          uniq_crazy_yiuf_cottage
D:3:      layout_loops_ring, portal_sewer_entry_e, corexii_leaking_fountain
D:4:      layout_loops_ring, kennysheep_okawaru_gauntlet, kennysheep_mini,
          cheibrodos_gnoll_hut
D:5:      layout_cave_pools, overflow_temple_1_default, ashenzari_altar_1,
          kennysheep_generic_room_13, uniq_menkaure, uniq_sigmund, uniq_duvessa,
          uniq_ijyb
D:6:      layout_rooms, minmay_strange_pillars, uniq_eustachio
D:7:      layout_basic, minmay_temple_entry_large_hall, basic_altar,
          gammafunk_ghost_mausoleum, grunt_dithmenos_smoke, uniq_prince_ribbit1,
          uniq_harold, uniq_pikel, uniq_joseph
D:8:      layout_layer_cave, nicolae_ru_sacrificial_ziggurat,
          overflow_temple_1_default, serial_shops, shop_coins,
          minmay_the_grid_2x2 [minmay_the_grid_rooms,
          minmay_the_grid_pillar_ring, minmay_the_grid_medium_cups,
          minmay_the_grid_prize_diamond_cup]
D:9:      layout_stronghold, gammafunk_temple_overflow_pools, basic_altar
D:10:     layout_basic, grunt_lair_entry_orc_guard_hut, serial_shops,
          shop_coins, nicolae_shop_window_shopping, nicolae_shop_trees,
          shop_statue, shop_coins
Temple:   dshaligram_water_room_temple
Lair:1:   layout_long_grid, grunt_megastairs_1, lemuel_fruit_tree
Lair:2:   layout_cave_shapes, grunt_megastairs_2
Lair:3:   layout_gridlike, ebering_ghost_xom, st_stairs_5,
          kennysheep_catoblepas_arena, grunt_megastairs_4, lemuel_fruit_fields
Lair:4:   layout_cave_pods, minmay_shoals_entry_hut,
          minmay_snake_entry_spellcaster, enter_volcano_3,
          portal_ice_cave_entry_ice_beasts
Lair:5:   layout_layer_cave, nicolae_quartered_pool_super
Lair:6:   guppyfry_lair_end_dragon, layout_layer_cave,
          hangedman_lair_caniforms_friends, dpeg_slime_entry_enclosed_altar,
          grunt_megastairs_5, serial_bayou_shore_a

Skill      XL: |  1  2  3  4  5  6  7  8  9 10 11 12 13 14 |
---------------+-------------------------------------------+-----
Dodging        | 3 4 5 6 7 8 9 10 11 | 11.7
Unarmed Combat | 4 5 6 7 8 10 11 12 13 | 13.6
Shields        | 1 2 3 4 |  4.5
Fighting       | 3 4 5 7 9 11 12 14 15 | 15.7
Evocations     | 3 4 5 6 |  6.0
Invocations    | 1 4 5 7 |  7.0
Throwing       | |  1.7

Action                   |  1- 3 |  4- 6 |  7- 9 | 10-12 | 13-15 || total
-------------------------+-------+-------+-------+-------+-------++-------
Melee: Unarmed           |    96 |   196 |   423 |   634 |   703 ||  2052
Throw: Throwing net      |       |       |       |     2 |       ||     2
Invok: Stomp             |       |       |       |    16 |    18 ||    34
       Grand Finale      |       |       |       |       |     1 ||     1
       Line Pass         |       |       |       |       |     2 ||     2
Evoke: Wand              |       |       |    14 |    14 |    11 ||    39
  Use: Scroll            |       |       |    13 |     8 |    13 ||    34
       Potion            |       |       |     1 |     1 |     3 ||     5
 Stab: Sleeping          |       |       |     1 |       |       ||     1
       Paralysed         |       |       |       |    39 |    45 ||    84
       Held in net/web   |       |       |       |     2 |       ||     2
       Invisible         |       |       |       |       |     5 ||     5
  Eat: Chunk             |     7 |    12 |    10 |    21 |    68 ||   118
       Ration            |       |       |     1 |       |     1 ||     2
Armor: Leather armour    |    18 |     6 |    12 |    36 |    42 ||   114
       Ring mail         |       |    40 |    25 |    38 |     8 ||   111
       Robe              |       |       |    25 |       |       ||    25
Dodge: Dodged            |    41 |    95 |   325 |   398 |   548 ||  1407
Block: Buckler           |     5 |    27 |    88 |    35 |       ||   155
       Shield            |       |       |       |   190 |   338 ||   528
